 Dungeon Crawl Stone Soup version 0.19.5 (webtiles) character file.

315984 patcoet the Hoplite (level 20, -8/189 HPs)
             Began as a Deep Dwarf Fighter on Mar 27, 2017.
             Was a High Priest of Elyvilon.
             Killed from afar by a deep elf death mage (14 damage)
             ... with a bolt of negative energy
             ... on level 3 of the Elven Halls on Mar 28, 2017.
             The game lasted 04:15:12 (39872 turns).

patcoet the Hoplite (Deep Dwarf Fighter)           Turns: 39872, Time: 04:15:12

Health: -8/189     AC: 37    Str: 27    XL:     20   Next: 86%
Magic:  8/8        EV: 15    Int:  9    God:    Elyvilon [*****.]
Gold:   456        SH: 31    Dex: 14    Spells: 0 memorised, 19 levels left

rFire  + + .     SeeInvis .     z - +9 spear of Qazlal's Favour {flame, Stlth+}
rCold  + + +     Gourm    .     L - +9 armour of the Dragon King {rPois rF+ rC+ MR+}
rNeg   + . .     Faith    .     R - +5 large shield
rPois  +         Spirit   .     w - +2 hat
rElec  +         Reflect  +     M - +2 cloak {MR+}
rCorr  .         Harm     .     W - +1 pair of gloves
MR     +++++                    i - +2 pair of boots
Stlth  ..........               d - +2 amulet of reflection
                                Z - ring of Leaqess {rElec rF+ rC+ Str+2}
                                y - +5 ring of evasion

@: protection, corroded, non-regenerating, studying Throwing, drained
A: damage resistance, recharge devices, talons 1, yellow scales 1, cold
resistance 1, magic resistance 1, negative energy resistance 1, sense
surroundings 3, slow regeneration 3, weak 1
a: Device Recharging, Lesser Healing, Heal Other, Purification, Greater Healing,
Divine Vigour, Divine Protection, Renounce Religion
}: 1/15 runes: serpentine


You were on level 3 of the Elven Halls.
You worshipped Elyvilon.
Elyvilon was extremely pleased with you.
You were not hungry.

You visited 9 branches of the dungeon, and saw 39 of its levels.
You also visited: Bailey and Ice Cave.

You collected 5089 gold pieces.
You spent 4633 gold pieces at shops.

Inventory:

Hand Weapons
 z - the +9 spear of Qazlal's Favour (weapon) {flame, Stlth+}
   (You found it on level 4 of the Dungeon)

   It has been specially enchanted to burn those struck by it, causing extra
   injury to most foes and up to half again as much damage against particularly
   susceptible opponents.
   It makes you more stealthy.
Missiles
 b - 16 tomahawks of returning (quivered)
Armour
 i - a +2 pair of boots (worn)
 w - a +2 hat (worn)
 B - a +0 shield of reflection {Donald}
 L - the +9 armour of the Dragon King (worn) {rPois rF+ rC+ MR+}
   (You bought it in a shop on level 2 of the Orcish Mines)

   It protects you from fire.
   It protects you from cold.
   It protects you from poison.
   It affects your resistance to hostile enchantments.
 M - a +2 cloak of magic resistance (worn)
 R - a +5 large shield (worn)
 W - a +1 pair of gloves (worn)
Jewellery
 d - a +2 amulet of reflection (around neck)
 y - a +5 ring of evasion (left hand)
 J - an uncursed ring of flight
 P - the ring of Ru's Indignation {rF+ Stlth-}
   (You took it off a deep elf elementalist on level 3 of the Elven Halls)

   [ring of loudness]

   It protects you from fire.
   It makes you less stealthy.
 V - an uncursed ring of see invisible
 Z - the ring of Leaqess (right hand) {rElec rF+ rC+ Str+2}
   (You bought it in a shop on level 1 of the Snake Pit)

   [ring of protection from fire]

   It affects your strength (+2).
   It protects you from fire.
   It protects you from cold.
   It insulates you from electricity.
Wands
 c - a wand of lightning (9/15)
 e - a wand of heal wounds (3/9)
 k - a wand of polymorph (13/24)
 l - a wand of iceblast (7/15)
 t - a wand of disintegration (21/24)
 A - a wand of disintegration (22/24)
 H - a wand of iceblast (7/15)
 I - a wand of paralysis (4/24)
 T - a wand of digging (15/24)
 U - a wand of iceblast (8/15)
 Y - a wand of polymorph (19/24)
Scrolls
 g - 23 scrolls of remove curse
 j - 10 scrolls of teleportation
 p - 2 scrolls of magic mapping
 q - 8 scrolls of fog
 r - 3 scrolls of enchant weapon
 u - a scroll of fear
 x - a scroll of silence {unknown}
 G - a scroll of acquirement {unknown}
 N - a scroll of amnesia
Potions
 a - 4 potions of magic
 h - 2 potions of curing
 m - a potion of berserk rage
 n - a potion of cure mutation
 s - 7 potions of cancellation
 D - 2 potions of resistance
 E - 2 potions of invisibility
 Q - 7 potions of lignification
Books
 X - a manual of Throwing
Miscellaneous
 v - a lamp of fire (inert)
 F - a phial of floods (inert)
 O - a box of beasts
Comestibles
 f - 24 bread rations
 o - 9 meat rations
 C - 6 chunks of flesh
 S - 33 fruits


   Skills:
 + Level 13.7(12.5) Fighting
   Level 5.8(12.2) Axes
 + Level 15.6(14.6) Polearms
 + Level 9.3(8.2) Throwing
 + Level 13.3(12.2) Armour
 + Level 11.6(10.4) Dodging
 + Level 12.1(10.9) Stealth
 + Level 22.4(20.9) Shields
 + Level 11.6(10.4) Invocations
 + Level 7.0(6.0) Evocations


You had 19 spell levels left.
You didn't know any spells.

Dungeon Overview and Level Annotations

Branches:
Dungeon (15/15)            Temple (0/1) D:7            Lair (6/6) D:11
 Shoals (4/4) Lair:3        Snake (4/4) Lair:3        Slime (1/5) Lair:6
    Orc (2/2) D:11            Elf (3/3) Orc:2        Vaults (3/5) D:14
 Depths (1/5) D:15
  Crypt: Vaults:2-3

Altars:
Ashenzari
Cheibriados
Elyvilon
Fedhas
Gozag
Hepliaklqana
Kikubaaqudgha
Makhleb
Nemelex Xobeh
Okawaru
Ru
Sif Muna
Uskayaw
Vehumet
Xom
The Shining One
Beogh

Shops:
D:10 ([   Orc:2 [*:(   Snake:1 *   Vaults:1 *   Depths:1 *}=}

Annotations:
Shoals:3 Polyphemus
Depths:1 Sojobo


Innate Abilities, Weirdness & Mutations

You are resistant to damage.
You can recharge devices by infusing magical energy.
You resist negative energy. (rN+)
You passively map a large area around you.
You do not regenerate.
You have sharp toenails.
You are partially covered in yellow scales. (AC +2)
Your flesh is cold resistant. (rC+)
You are resistant to hostile enchantments. (MR+)
You are weak. (Str -2)


Message History

Your water elemental engulfs the deep elf death mage in water!
The ghostly deep elf sorcerer gestures at you while chanting.
The bolt of acid hits your water elemental.
Your water elemental is splashed with acid.
Your water elemental is destroyed!
The bolt of acid misses you.
You beseech Elyvilon to protect your life.
Evoke which item? (* to show all) (? for menu, Esc to quit)
Zapping:
T - a wand of digging (17/24)
Press: ? - help, Shift-Dir - straight line, p - deep elf death mage Nothing appears to happen.
This wand has 16 charges left.
The deep elf death mage casts a spell at you.
The bolt of negative energy misses you.
Evoke which item? (* to show all) (? for menu, Esc to quit)
Zapping:
T - a wand of digging (16/24)
Press: ? - help, Shift-Dir - straight line The rock shatters into small pieces.
This wand has 15 charges left.
The deep elf death mage gestures at you while chanting.
The bolt of negative energy hits you! You partially resist.
You feel drained.
You die...

**,,,,.....,**#.........,*
**,,,,,.....#* ##........,,
**,,,,,*......###(.....#..,,
**,,,,,**#......#.)....###,,,
**,,,,,**
*#.......(...##.#*,, *,,,,,**
* ##.........##.##**, **,,,**
##.......##..# ** **,**
###.....##..## * ***
#@##..e##..##
#ee##*##....####
#.*e#e#.....)..#
#.#≈#.#.....[..#
***#.#≈≈.)....)\..###
***,*#.#........)...##.
*,,,,..##....<)........
*,*,*..###.............
*,*,*,* #............#


You could see a deep elf death mage, a ghostly deep elf sorcerer, a deep elf
high priest and a lost soul.

Vanquished Creatures
  Nikola (Elf:2)
  2 deep elf blademasters (Elf:3)
  A sphinx (shapeshifter) (D:15)
  Kirke (D:12)
  The ghost of sinus the Executioner, an adept MiBe of Trog (Shoals:2)
  The ghost of Goboxel the Severer, an adept HOFi of Beogh (Snake:4)
  A shadow dragon (D:12)
  Ilsuiw (Shoals:4)
  Donald (Vaults:1)
  5 nagarajas (Snake:4)
  6 vault wardens
  4 deep elf sorcerers
  An orc warlord (Bailey)
  2 frost giants (Depths:1)
  6 deep elf elementalists (Elf:3)
  The ghost of Jynx the Scorcher, an adept DEFE of Vehumet (Snake:3)
  3 very ugly things (Depths:1)
  A war gargoyle (Vaults:1)
  2 stone giants
  9 ironheart preservers
  4 deep elf demonologists
  10 deep elf annihilators
  Snorg (Lair:4)
  5 deep elf death magi
  5 merfolk impalers
  2 blizzard demons (IceCv)
  An ettin (Depths:1)
  2 merfolk javelineers
  2 deep elf high priests (Elf:3)
  2 rakshasas (Vaults:1)
  3 ice dragons
  11 naga warriors
  4 yaktaur captains
  Fannar (D:10)
  4 vault guards
  9 ogre magi
  5 hydras
  Erica (Orc:1)
  11 anacondas
  10 centaur warriors
  A catoblepas (Lair:6)
  3 death knights
  An alligator snapping turtle (Shoals:1)
  2 merfolk aquamancers
  A satyr (Shoals:4)
  4 merfolk avatars
  3 deep troll shamans
  3 death yaks (Lair:5)
  5 shock serpents
  The ghost of BugsBunnySan the Spry, a journeyman FeBe of Trog (Lair:4)
  22 dancing weapons
  3 deep troll earth magi
  Urug (Lair:5)
  A small abomination (Elf:3)
  An orc high priest (Orc:1)
  12 naga sharpshooters
  Sonja (D:13)
  18 deep elf knights
  6 sea snakes
  2 skeletal warriors
  4 salamander mystics
  3 unseen horrors
  10 naga ritualists
  6 deep trolls
  2 glowing orange brains
  7 ironbrand convokers
  A flayed ghost (Vaults:2)
  10 deep elf archers
  6 wizards
  4 hill giants
  An orange crystal statue (Vaults:1)
  A hill giant (shapeshifter) (Vaults:2)
  2 necromancers (Elf:1)
  2 wolf spiders (Vaults:1)
  10 harpies
  7 orc knights
  A phantasmal warrior (D:15)
  48 deep elf magi
  The ghost of Turtleman12345 the Magician, a novice VSCj of Vehumet (D:6)
  15 salamanders
  46 ugly things
  11 fauns
  11 cyclopes
  8 mana vipers
  17 manticores
  8 sirens
  2 centaur zombies
  An elephant (shapeshifter) (D:15)
  6 water nymphs
  An ice statue (IceCv)
  A guardian serpent (Snake:3)
  25 naga magi
  8 vault sentinels
  26 black mambas
  3 centaur skeletons
  6 spiny frogs
  11 yaktaurs
  2 human zombies (Vaults:2)
  10 rime drakes
  13 freezing wraiths
  6 kobold demonologists
  8 komodo dragons
  7 ice devils (IceCv)
  2 anaconda simulacra (IceCv)
  2 golden dragon simulacra (IceCv)
  2 efreet (D:15)
  9 trolls
  3 meliai (D:14)
  3 polar bears (Lair:6)
  A meliai (shapeshifter) (D:15)
  25 merfolk
  3 hornets
  41 slime creatures
  4 snapping turtles
  22 two-headed ogres
  2 wind drakes (Shoals:4)
  7 blink frogs
  14 hippogriffs
  Sigmund (D:6)
  8 dream sheep
  An air elemental (Elf:2)
  A frost giant simulacrum (Vaults:2)
  A spriggan (shapeshifter) (D:15)
  14 spriggans
  11 water elementals
  5 wraiths
  A hog (D:12)
  A tarantella (shapeshifter) (D:15)
  A dire elephant simulacrum (IceCv)
  19 humans (D:14)
  2 wyverns
  A fire bat (shapeshifter) (D:15)
  15 yaks
  Eustachio (D:5)
  A steam dragon (Lair:6)
  A basilisk (D:15)
  5 vampire mosquitoes (D:15)
  A yaktaur simulacrum (Vaults:2)
  2 large abominations (Elf:1)
  3 death yak simulacra (IceCv)
  4 fire elementals
  7 harpy simulacra (IceCv)
  2 wargs (Orc:1)
  47 nagas
  7 hydra simulacra (IceCv)
  14 water moccasins
  2 porcupines
  5 black bears
  25 orc warriors
  5 sky beasts
  5 phantoms
  21 ice beasts
  2 eyes of draining (D:15)
  9 boggarts
  10 centaurs
  23 wolves
  8 crocodiles
  44 ogres
  4 elf zombies (Elf:1)
  16 bullfrogs
  5 big kobolds
  2 earth elementals
  4 wyvern zombies
  5 scorpions
  A water moccasin skeleton (D:6)
  3 human simulacra
  A wight (D:7)
  2 howler monkeys
  3 electric eels
  2 lava snakes
  A bullfrog zombie (D:6)
  6 crimson imps
  2 draconian simulacra (IceCv)
  A quasit (D:8)
  3 hounds
  14 orc priests
  21 orc wizards
  5 jellies
  3 bullfrog skeletons
  4 iguanas
  11 worker ants
  6 troll simulacra (IceCv)
  A killer bee zombie (D:6)
  2 centaur simulacra (IceCv)
  A hound zombie (D:9)
  4 gnolls
  A howler monkey skeleton (D:8)
  9 adders
  3 ogre simulacra (IceCv)
  9 shadow imps
  4 white imps (IceCv)
  9 ufetubi (IceCv)
  An ooze (D:2)
  An adder zombie (D:6)
  3 worms
  13 dart slugs
  6 leopard geckos
  102 orcs
  3 ball pythons
  7 giant cockroaches
  10 goblins
  14 hobgoblins
  3 jackals
  41 kobolds
  6 quokkas
  9 bats
  2 frilled lizards
  3 rats
  A fire vortex (D:12)
  A plant (Shoals:3)
1482 creatures vanquished.

Vanquished Creatures (collateral kills)
  A merfolk impaler (Shoals:4)
  A necromancer (Vaults:2)
2 creatures vanquished.

Vanquished Creatures (others)
  A deep elf master archer (Elf:3)
  2 deep elf sorcerers (Elf:3)
  A merfolk javelineer (Shoals:4)
  4 satyrs
  2 deep elf archers
  A salamander (Snake:4)
  2 deep elf magi
  6 fauns
  2 yaktaurs (Vaults:2)
  An orc wizard (Vaults:2)
  A dart slug (D:4)
  11 fungi
  45 plants
79 creatures vanquished.

Grand Total: 1563 creatures vanquished

Notes
Turn   | Place    | Note
-------+----------+-------------------------------------------
     0 | D:1      | patcoet the Deep Dwarf Fighter began the quest for the Orb.
     0 | D:1      | Reached XP level 1. HP: 20/20 MP: 1/1
   163 | D:1      | Reached XP level 2. HP: 25/27 MP: 2/2
   610 | D:2      | Reached XP level 3. HP: 25/33 MP: 3/3
   654 | D:2      | Found a faded altar of an unknown god.
   946 | D:2      | Reached XP level 4. HP: 25/42 MP: 4/4
  1326 | D:3      | Found a hide-covered altar of Uskayaw.
  1440 | D:3      | You fall through a shaft for 2 floors!
  1440 | D:5      | Entered Level 5 of the Dungeon
  1448 | D:5      | Noticed a big kobold
  1459 | D:5      | Reached XP level 5. HP: 33/49 MP: 5/5
  1471 | D:5      | Noticed a centaur
  1479 | D:5      | Killed a centaur
  1479 | D:5      | Reached skill level 5 in Axes
  1479 | D:5      | Reached XP level 6. HP: 24/56 MP: 6/6
  1493 | D:5      | Noticed Eustachio
  1549 | D:5      | Found an iron altar of Okawaru.
  1686 | D:4      | Found a white marble altar of Elyvilon.
  1692 | D:4      | Became a worshipper of Elyvilon the Healer
  1707 | D:4      | Reached skill level 4 in Shields
  1914 | D:4      | Got a scorched spear
  1922 | D:3      | Identified the +9 spear of Qazlal's Favour {flame, Stlth+} (You found it on level 4 of the Dungeon)
  1944 | D:3      | Found a shattered altar of Ashenzari.
  1970 | D:3      | Reached skill level 1 in Evocations
  2000 | D:3      | Reached skill level 1 in Dodging
  2027 | D:3      | Reached XP level 7. HP: 40/63 MP: 7/7
  2261 | D:4      | Found a hazy altar of Hepliaklqana.
  2286 | D:4      | Reached * piety under Elyvilon
  2295 | D:4      | Found a radiant altar of Vehumet.
  2302 | D:4      | Found an opulent altar of Gozag.
  2302 | D:4      | Found a blossoming altar of Fedhas.
  2302 | D:4      | Found a sacrificial altar of Ru.
  2311 | D:4      | Reached skill level 1 in Polearms
  2983 | D:5      | Killed Eustachio
  2988 | D:5      | Reached skill level 1 in Stealth
  2988 | D:5      | Reached skill level 5 in Shields
  2988 | D:5      | Reached XP level 8. HP: 63/72 MP: 7/7
  3053 | D:5      | Reached skill level 1 in Invocations
  3212 | D:6      | Noticed Turtleman12345's ghost (novice VSCj)
  3233 | D:6      | Killed Turtleman12345's ghost
  3233 | D:6      | Reached skill level 5 in Polearms
  3254 | D:6      | Noticed Sigmund
  3264 | D:6      | Killed Sigmund
  3264 | D:6      | Reached skill level 5 in Armour
  3347 | D:6      | Gained mutation: You passively map the area around you. [Deep Dwarf growth]
  3347 | D:6      | Reached XP level 9. HP: 67/79 MP: 9/9
  3406 | D:6      | Found a snail-covered altar of Cheibriados.
  3524 | D:6      | Reached ** piety under Elyvilon
  3876 | D:7      | Found a staircase to the Ecumenical Temple.
  4204 | D:7      | Reached skill level 5 in Fighting
  4230 | D:7      | Reached skill level 6 in Shields
  4808 | D:8      | Found a deep blue altar of Sif Muna.
  4838 | D:8      | Reached *** piety under Elyvilon
  4988 | D:8      | Reached skill level 1 in Throwing
  5437 | D:9      | Noticed a troll
  5442 | D:9      | Killed a troll
  5460 | D:9      | Reached XP level 10. HP: 78/88 MP: 11/11
  5474 | D:9      | Found a flagged portal.
  5485 | Bailey   | Entered a bailey
  5490 | Bailey   | Noticed an orc warlord
  5711 | Bailey   | Found a runed gate.
  5714 | Bailey   | Found a runed gate.
  5728 | Bailey   | Found a runed gate.
  5731 | Bailey   | Noticed an orc knight
  5761 | Bailey   | Killed an orc knight
  5830 | Bailey   | Killed an orc warlord
  5830 | Bailey   | Was placed under penance by Elyvilon
  5830 | Bailey   | Reached skill level 7 in Shields
  5969 | D:9      | Reached skill level 5 in Stealth
  6366 | D:9      | Noticed a lindwurm
  6382 | D:9      | Noticed a lindwurm
  6397 | D:9      | Noticed a lindwurm
  6399 | D:10     | Entered Level 10 of the Dungeon
  6399 | D:10     | Noticed a hill giant
  6404 | D:10     | Noticed Fannar
  6413 | D:9      | Killed a hill giant
  6455 | D:10     | Killed Fannar
  6455 | D:10     | Reached XP level 11. HP: 88/97 MP: 11/11
  6726 | D:10     | Found Amei's Antique Armour Boutique.
  6735 | D:10     | Bought a pair of distressingly furry gloves for 351 gold pieces
  6751 | D:10     | Identified the +0 pair of gloves of Unreason {rPois Int+8 Dex-3} (You bought it in a shop on level 10 of the Dungeon)
  6773 | D:10     | Found a roughly hewn altar of Beogh.
  6894 | D:10     | Reached skill level 10 in Polearms
  6944 | D:10     | Found Ceecloi's Weapon Boutique.
  7266 | D:11     | Killed an unseen horror
  7348 | D:11     | Reached skill level 8 in Shields
  7455 | D:11     | Was forgiven by Elyvilon
  7575 | D:11     | Killed an unseen horror
  7666 | D:11     | Noticed a green ugly thing
  7678 | D:11     | Killed a green ugly thing
  7706 | D:11     | Found a staircase to the Lair.
  7778 | D:11     | Found a staircase to the Orcish Mines.
  7993 | Orc:1    | Entered Level 1 of the Orcish Mines
  8046 | Orc:1    | Noticed Erica
  8066 | Orc:1    | Killed Erica
  8175 | D:10     | Bought a pair of runed boots for 388 gold pieces
  8280 | Orc:1    | Found a burning altar of Makhleb.
  8534 | Orc:2    | Entered Level 2 of the Orcish Mines
  8605 | Orc:2    | Found a staircase to the Elven Halls.
  8657 | Orc:1    | Reached XP level 12. HP: 70/109 MP: 12/12
  8909 | Orc:2    | Reached skill level 9 in Shields
  9051 | Orc:2    | Noticed an orc high priest
  9122 | Orc:1    | Killed an orc high priest
  9303 | Orc:2    | Found Tehaf's Antique Armour Boutique.
  9303 | Orc:2    | Found Paxoich's Book Emporium.
  9303 | Orc:2    | Noticed an ogre mage
  9305 | Orc:2    | Noticed an ogre mage
  9308 | Orc:2    | Noticed an ogre mage
  9359 | Orc:2    | Killed an ogre mage
  9458 | Orc:2    | Killed an ogre mage
  9483 | Orc:2    | Noticed an ogre mage
  9502 | Orc:2    | Killed an ogre mage
  9547 | Orc:2    | Found Xytattiest's Assorted Antiques.
  9554 | Orc:2    | Reached skill level 10 in Shields
  9559 | Orc:2    | Killed an ogre mage
  9560 | Orc:2    | Found Wuocwyi's Antique Weapon Shop.
  9586 | Orc:2    | Reached skill level 5 in Dodging
  9609 | Orc:2    | Bought a runed large shield for 241 gold pieces
 10022 | Lair:1   | Entered Level 1 of the Lair of Beasts
 10047 | Lair:1   | Reached skill level 5 in Invocations
 10180 | Lair:1   | Reached **** piety under Elyvilon
 10793 | Lair:2   | Reached XP level 13. HP: 74/117 MP: 11/11
 11592 | Lair:3   | Found a staircase to the Shoals.
 11696 | Lair:3   | Reached ***** piety under Elyvilon
 11878 | Lair:3   | Found a staircase to the Snake Pit.
 12387 | Lair:4   | Noticed BugsBunnySan's ghost (journeyman FeBe)
 12407 | Lair:4   | Killed BugsBunnySan's ghost
 12577 | Lair:4   | Noticed Snorg
 12602 | Lair:4   | Killed Snorg
 12602 | Lair:4   | Reached skill level 11 in Shields
 13082 | Lair:5   | HP: 2/118 [ice dragon/blast of cold (4)]
 13145 | Lair:5   | Reached skill level 5 in Throwing
 13522 | Lair:5   | Gained mutation: You have sharp toenails. [potion of beneficial mutation]
 13523 | Lair:5   | Gained mutation: Your flesh is cold resistant. (rC+) [potion of beneficial mutation]
 13612 | Lair:5   | Noticed Urug
 13630 | Lair:5   | Killed Urug
 13781 | Lair:5   | Reached ****** piety under Elyvilon
 14058 | Lair:6   | Entered Level 6 of the Lair of Beasts
 14096 | Lair:6   | Found a staircase to the Slime Pits.
 14382 | Lair:6   | Reached skill level 12 in Shields
 14391 | Lair:6   | Reached skill level 10 in Armour
 14391 | Lair:6   | Gained mutation: You resist negative energy. (rN+) [Deep Dwarf growth]
 14391 | Lair:6   | Reached XP level 14. HP: 116/129 MP: 12/12
 15283 | Lair:6   | Got a vibrating crystal amulet
 15300 | Lair:6   | Identified the amulet "Xeovath" {+Rage rF- MP+9 Int+7} (You found it on level 6 of the Lair of Beasts)
 15578 | Slime:1  | Entered Level 1 of the Pits of Slime
 15671 | Slime:1  | Noticed an acid blob
 16022 | D:12     | Noticed a shadow dragon
 16531 | D:12     | Killed a shadow dragon
 16531 | D:12     | Reached skill level 13 in Shields
 16624 | D:13     | Noticed Kirke
 16657 | D:12     | Killed Kirke
 16770 | D:13     | Found a shimmering altar of Xom.
 16770 | D:13     | Found a shimmering altar of Xom.
 17190 | D:13     | Found a shimmering altar of Xom.
 17196 | D:13     | Found a shimmering altar of Xom.
 17239 | D:13     | Noticed Sonja
 17244 | D:13     | Killed Sonja
 17611 | D:14     | Reached skill level 10 in Fighting
 17926 | D:14     | Reached XP level 15. HP: 115/138 MP: 13/13
 17960 | D:14     | Reached skill level 14 in Shields
 18179 | D:14     | Found a gate to the Vaults.
 18517 | D:14     | Gained mutation: You are resistant to hostile enchantments. (MR+) [potion of mutation]
 18517 | D:14     | Gained mutation: You are partially covered in yellow scales. (AC +2) [potion of mutation]
 18658 | D:15     | Entered Level 15 of the Dungeon
 19558 | D:15     | Reached skill level 15 in Shields
 20119 | D:15     | Found a staircase to the Depths.
 20189 | D:15     | Noticed a quicksilver dragon
 20208 | D:15     | Noticed a fire giant
 20208 | D:15     | a quicksilver dragon changed into a fire giant
 20233 | D:15     | a fire giant changed into a dire elephant
 20259 | D:15     | Noticed a sphinx
 20259 | D:15     | a dire elephant changed into a sphinx
 20263 | D:15     | Killed a sphinx
 20447 | Snake:1  | Entered Level 1 of the Snake Pit
 20766 | Snake:1  | Found a glowing golden altar of the Shining One.
 20913 | Snake:1  | Reached XP level 16. HP: 127/148 MP: 16/16
 21155 | Snake:1  | Found Wyariek's General Store.
 21180 | Snake:1  | Bought a scroll of identify for 30 gold pieces
 21180 | Snake:1  | Bought the ring of Leaqess {rElec rF+ rC+ Str+2} for 753 gold pieces
 21765 | Snake:2  | Reached skill level 16 in Shields
 22391 | Snake:2  | Reached skill level 10 in Stealth
 22570 | Snake:3  | Reached skill level 5 in Evocations
 22716 | Snake:3  | Noticed Jynx's ghost (adept DEFE)
 22735 | Snake:3  | Killed Jynx's ghost
 23094 | Snake:3  | Found an ancient bone altar of Kikubaaqudgha.
 23375 | Snake:4  | Entered Level 4 of the Snake Pit
 23518 | Snake:4  | Noticed Goboxel's ghost (adept HOFi)
 23794 | Snake:4  | Reached skill level 17 in Shields
 24422 | Snake:4  | Killed Goboxel's ghost
 24422 | Snake:4  | Reached XP level 17. HP: 130/157 MP: 14/17
 25349 | Snake:4  | Got a serpentine rune of Zot
 25638 | Vaults:1 | Entered Level 1 of the Vaults
 25659 | Vaults:1 | Reached skill level 18 in Shields
 25803 | Vaults:1 | Found Nenoeg's General Store.
 25811 | Vaults:1 | Found a sparkling altar of Nemelex Xobeh.
 26601 | Vaults:1 | Noticed Donald
 26623 | Vaults:1 | Killed Donald
 27047 | Vaults:1 | Reached skill level 10 in Dodging
 27047 | Vaults:1 | Gained mutation: You passively map a large area around you. [Deep Dwarf growth]
 27047 | Vaults:1 | Reached XP level 18. HP: 67/168 MP: 15/15
 27465 | Vaults:1 | Reached skill level 19 in Shields
 30199 | Depths:1 | Entered Level 1 of the Depths
 30284 | Depths:1 | Found Cotz's Changing Room.
 30564 | Depths:1 | Reached skill level 15 in Polearms
 30564 | Depths:1 | Reached XP level 19. HP: 127/177 MP: 9/9
 30915 | Depths:1 | Found Dugif's Jewellery Boutique.
 30916 | Depths:1 | Found Deuczak's Gadget Emporium.
 30916 | Depths:1 | Found Nogaibb's Gadget Emporium.
 31013 | Depths:1 | Noticed Sojobo
 31213 | Shoals:1 | Entered Level 1 of the Shoals
 31232 | Shoals:1 | Got a dazzling falchion
 31233 | Shoals:1 | Identified the cursed +0 falchion "Piutwiamp" {protect, rPois Int+10} (You found it on level 1 of the Shoals)
 31541 | Shoals:1 | Reached skill level 20 in Shields
 31547 | Shoals:1 | Found a frozen archway.
 31574 | IceCv    | Entered an ice cave
 32462 | IceCv    | Identified Sif Muna's Volume of Talismans and Flames
 33068 | Shoals:2 | Noticed sinus's ghost (adept MiBe)
 33256 | Shoals:2 | Killed sinus's ghost
 33915 | Shoals:2 | Reached skill level 10 in Invocations
 34680 | Shoals:3 | Noticed Polyphemus
 34698 | Shoals:4 | Entered Level 4 of the Shoals
 34862 | Shoals:4 | Noticed Ilsuiw
 35010 | Shoals:4 | Killed Ilsuiw
 35108 | Shoals:4 | Reached skill level 21 in Shields
 35578 | Elf:1    | Entered Level 1 of the Elven Halls
 36257 | Elf:1    | Reached XP level 20. HP: 73/187 MP: 7/7
 36311 | Elf:1    | Identified the Almanac of Darkness
 36462 | Orc:2    | Bought the +9 armour of the Dragon King {rPois rF+ rC+ MR+} for 2870 gold pieces
 37586 | Elf:2    | Found a huge runed gate.
 37586 | Elf:2    | Found a huge runed gate.
 37587 | Elf:2    | Found a huge runed gate.
 38003 | Elf:2    | Noticed Nikola
 38045 | Elf:2    | Killed Nikola
 38297 | Elf:3    | Entered Level 3 of the Elven Halls
 38891 | Elf:3    | Reached skill level 22 in Shields
 39180 | Elf:3    | Gained mutation: You are weak. (Str -2) [a neqoxec]
 39749 | Elf:3    | Identified the ring of Ru's Indignation {rF+ Stlth-} (You took it off a deep elf elementalist on level 3 of the Elven Halls)
 39869 | Elf:3    | HP: 8/189 [deep elf high priest/damnation (24)]
 39872 | Elf:3    | Killed from afar by a deep elf death mage

Skill      XL: |  1  2  3  4  5  6  7  8  9 10 11 12 13 14 15 16 17 18 19 20 |
---------------+-------------------------------------------------------------+-----
Fighting       | 3 4 5 6 7 8 9 10 11 12 13 | 13.7
Axes           | 3 4 5 |  5.8
Armour         | 4 5 6 7 8 10 11 12 13 | 13.3
Shields        | 4 5 6 7 8 10 12 13 15 17 18 19 21 22 | 22.4
Evocations     | 1 2 3 4 5 6 7 |  7.0
Dodging        | 1 2 3 4 5 6 8 9 10 11 | 11.6
Polearms       | 3 6 8 9 11 12 13 14 15 | 15.6
Stealth        | 1 2 4 5 6 7 8 9 10 11 12 | 12.1
Invocations    | 1 3 4 5 6 8 9 10 11 | 11.6
Throwing       | 2 3 4 5 6 7 8 9 |  9.3

Action                   |  1- 3 |  4- 6 |  7- 9 | 10-12 | 13-15 | 16-18 | 19-21 || total
-------------------------+-------+-------+-------+-------+-------+-------+-------++-------
Melee: War axe           |   128 |    75 |       |       |       |       |       ||   203
       Spear             |       |    37 |   321 |   902 |  2317 |  2843 |  2378 ||  8798
Throw: Stone             |       |       |    33 |    19 |       |       |       ||    52
       Tomahawk          |       |       |       |    14 |    26 |    77 |    63 ||   180
Invok: Lesser Healing    |       |       |    10 |    16 |    75 |    31 |   121 ||   253
       Heal Other        |       |       |     4 |       |       |       |       ||     4
       Divine Protection |       |       |       |     1 |       |       |     1 ||     2
       Greater Healing   |       |       |       |       |    11 |    24 |     7 ||    42
       Purification      |       |       |       |       |       |     1 |       ||     1
 Abil: Device Recharging |       |       |     1 |     4 |     1 |    11 |     3 ||    20
       Evoke Flight      |       |       |       |       |     2 |       |       ||     2
       Stop Flying       |       |       |       |       |     1 |       |       ||     1
Evoke: Wand              |     1 |     3 |     2 |    15 |    23 |    58 |    24 ||   126
       Phantom mirror    |       |       |       |       |     1 |       |     1 ||     2
       Box of beasts     |       |       |       |       |       |     1 |     1 ||     2
       Lamp of fire      |       |       |       |       |       |       |     3 ||     3
       Sack of spiders   |       |       |       |       |       |       |     2 ||     2
       Phial of floods   |       |       |       |       |       |       |     2 ||     2
  Use: Scroll            |       |       |     9 |    14 |    16 |    11 |    14 ||    64
       Potion            |       |       |       |     2 |    13 |    10 |    11 ||    36
 Stab: Sleeping          |       |       |     9 |     3 |    30 |    21 |    16 ||    79
       Distracted        |       |       |       |     4 |     6 |    11 |     5 ||    26
       Petrified         |       |       |       |       |     3 |       |     2 ||     5
  Eat: Chunk             |       |     4 |    15 |    18 |    40 |    24 |    20 ||   121
       Royal jelly       |       |       |       |     1 |     2 |       |     2 ||     5
       Beef jerky        |       |       |       |       |     2 |     1 |     2 ||     5
       Pizza             |       |       |       |       |     2 |     1 |     1 ||     4
       Meat ration       |       |       |       |       |       |     4 |     5 ||     9
Armor: Scale mail        |    48 |    34 |    34 |       |       |       |       ||   116
       Ice dragon scales |       |       |    17 |   159 |   287 |   398 |   216 ||  1077
       Skin              |       |       |       |       |       |    16 |     4 ||    20
       Gold dragon scale |       |       |       |       |       |       |   147 ||   147
Dodge: Dodged            |    40 |    33 |    47 |   182 |   337 |   508 |   464 ||  1611
Block: Shield            |    62 |    64 |    69 |   250 |       |   569 |   145 ||  1159
       Large shield      |       |       |       |    30 |  1138 |  1078 |  1578 ||  3824
       Reflection        |       |       |       |       |       |    43 |   197 ||   240
